 Dungeon Crawl Stone Soup version 0.23.2-33-g5129a83184 (webtiles) character file.

Game seed: 7596961161094641891

22405 DorianNounverber the Geomancer (level 13, -4/76 HPs)
             Began as a Gargoyle Earth Elementalist on July 13, 2019.
             Was a High Priest of Vehumet.
             Slain by an alligator (15 damage)
             ... called by a spriggan druid
             ... on level 1 of the Swamp.
             The game lasted 00:51:33 (14336 turns).

DorianNounverber the Geomancer (GrEE)              Turns: 14336, Time: 00:51:34

Health: -4/76      AC: 15    Str: 11    XL:     13   Next: 0%
Magic:  2/26       EV: 13    Int: 33    God:    Vehumet [*****.]
Gold:   682        SH:  9    Dex: 13    Spells: 4/30 levels left

rFire    . . .     SeeInvis .   w - +8 trident "Xihoasur" {venom, rF+ rC- Int+7 Stlth+}
rCold    . . .     Gourm    .   y - +0 shield
rNeg     + . .     Faith    .   j - +1 robe of Cerchuo {rPois Dex+3}
rPois    ∞         Spirit   .   J - +2 hat {MR+}
rElec    +         Reflect  .   g - +0 cloak
rCorr    .         Harm     .   (no gloves)
MR       +....                  (no boots)
Stlth    +++.......             e - amulet of magic regeneration
HPRegen  0.22/turn              C - +4 ring of intelligence
MPRegen  0.45/turn              D - ring of ice

@: about to teleport
A: negative energy resistance 1, electricity resistance, unbreathing,
petrification resistance, rot immunity, AC +9
a: Renounce Religion


You were on level 1 of the Swamp.
You worshipped Vehumet.
Vehumet was extremely pleased with you.
You were not hungry.

You visited 3 branches of the dungeon, and saw 11 of its levels.

You collected 682 gold pieces.

Inventory:

Hand Weapons
 u - a +2 morningstar of crushing
 w - the +8 trident "Xihoasur" (weapon) {venom, rF+ rC- Int+7 Stlth+}
   (You took it off an orc on level 4 of the Dungeon)

   It poisons the flesh of those it strikes.
   It affects your intelligence (+7).
   It protects you from fire.
   It makes you vulnerable to cold.
   It makes you more stealthy.
 G - a +5 mace
Missiles
 b - 237 stones (quivered)
 c - 3 javelins
 h - 13 tomahawks
 H - 4 throwing nets
 I - 4 large rocks
Armour
 g - a +0 cloak (worn)
 j - the +1 robe of Cerchuo (worn) {rPois Dex+3}
   (You found it on level 2 of the Lair of Beasts)

   It affects your dexterity (+3).
   It protects you from poison.
 y - a +0 shield (worn)
 J - a +2 hat of magic resistance (worn)
Jewellery
 e - an amulet of magic regeneration (around neck)
 C - a +4 ring of intelligence (left hand)
 D - a ring of ice (right hand)
Wands
 A - a wand of enslavement (11)
 M - a wand of polymorph (11)
 Q - a wand of scattershot (4)
Scrolls
 k - 4 scrolls of amnesia
 m - 2 scrolls of fog {unknown}
 o - a scroll of brand weapon {unknown}
 q - 3 scrolls of remove curse
 r - 4 scrolls of enchant weapon
 t - 3 scrolls of teleportation
 v - 2 scrolls of fear {unknown}
 x - a scroll of identify
 z - a scroll of immolation {unknown}
 E - 2 scrolls of magic mapping {unknown}
 N - a scroll of noise {unknown}
 P - a scroll of blinking {unknown}
Potions
 a - 2 potions of heal wounds {unknown}
 f - a potion of resistance
 i - a potion of curing
 l - 2 potions of cancellation
 n - 3 potions of might {unknown}
 p - a potion of invisibility {unknown}
 s - a potion of mutation {unknown}
 B - a potion of agility {unknown}
 F - a potion of ambrosia {unknown}
 K - 2 potions of haste {unknown}
 L - 2 potions of lignification
Comestibles
 d - 8 rations


   Skills:
 + Level 7.5 Fighting
 - Level 2.6 Maces & Flails
 + Level 5.4 Polearms
 + Level 5.9 Dodging
 - Level 2.1 Stealth
 + Level 6.4 Shields
 * Level 9.2 Spellcasting
 + Level 7.2 Conjurations
 - Level 0.7 Transmutations
 + Level 5.8 Fire Magic
 * Level 11.8 Earth Magic
 + Level 3.9 Evocations


You had 4 spell levels left.
You knew the following spells:

 Your Spells              Type           Power        Failure   Level  Hunger
a - Sandblast             Erth           ######       1%          1    None
b - Stone Arrow           Conj/Erth      ######       1%          3    None
c - Petrify               Tmut/Erth      ######..     7%          4    None
d - Lee's Rapid Deconstr  Erth           #######...   1%          5    ###....
e - Throw Flame           Conj/Fire      ######       1%          2    None
f - Iron Shot             Conj/Erth      ######....   8%          6    #####..
g - Bolt of Magma         Conj/Fire/Erth ######....   2%          5    ###....

Your spell library contained the following spells:

 Spells                   Type           Power        Failure   Level  Hunger
 Lightning Bolt           Conj/Air       #####.....   16%         5    ###....
 Flame Tongue             Conj/Fire      #####        1%          1    None
 Magic Dart               Conj           ####         1%          1    None
 Passwall                 Tmut/Erth      ######..     1%          2    None
 Searing Ray              Conj           ######       1%          2    None
 Conjure Flame            Conj/Fire      ######..     1%          3    None
 Dazzling Spray           Conj/Hex       #####.       1%          3    None
 Iskenderun's Mystic Bla  Conj           ######..     1%          4    None
 Sticky Flame             Conj/Fire      ######..     1%          4    None
 Inner Flame              Hex/Fire       ####....     2%          3    None
 Force Lance              Conj/Tloc      #####...     6%          4    None
 Fulminant Prism          Conj/Hex       #####.....   6%          4    None
 Fireball                 Conj/Fire      ######....   4%          5    ###....
 Iskenderun's Battlesphe  Conj/Chrm      #####...     16%         5    ###....
 Venom Bolt               Conj/Pois      #####.....   16%         5    ###....
 Orb of Destruction       Conj           ######....   67%         7    ######.
 Spellforged Servitor     Conj/Summ      #####.....   98%         7    ######.


Dungeon Overview and Level Annotations

Branches:
Dungeon (8/15)             Temple (0/1) D:5            Lair (2/6) D:8
  Swamp (1/4) Lair:2
  Snake: Lair:2-4    Spider: Lair:2-4

Altars:
Cheibriados
Elyvilon
Fedhas
Vehumet
Zin

Shops:
D:7 }


Innate Abilities, Weirdness & Mutations

You are resistant to torment.
Your stone body is resilient. (AC +9)
You are immune to poison.
You resist negative energy. (rN+)
You are resistant to electric shocks. (rElec)
You can survive without breathing.
You are immune to petrification.
You are immune to rotting.


Message History

Casting: Sandblast (safe; 1% risk of failure)
Confirm with . or Enter, or press ? or * to list all spells.
Aiming: Sandblast (safe; 1% risk of failure)
Press: ? - help, Shift-Dir - straight line, f - alligator
Aim: an alligator (heavily wounded, covering ground quickly)
The blast of sand hits the alligator!!
The alligator is almost dead.
b - 237 stones The alligator bites you!
* * * LOW HITPOINT WARNING * * *
The alligator tail-slaps you!
* * * LOW HITPOINT WARNING * * *
As you read the scroll of teleportation, it crumbles to dust.
You feel strangely unstable.
The alligator bites you but does no damage.
The alligator tail-slaps you.
* * * LOW HITPOINT WARNING * * *
Unknown command.
You feel better. The alligator bites you!
You die...

≈≈≈≈ ≈≈. ♣♣ ♣≈♣♣≈ ♣♣♣♣
♣≈..♣ ♣≈≈♣♣ . ♣♣♣♣≈..♣
♣...♣♣♣♣♣♣≈ ♣♣...≈.≈♣♣
♣≈......♣≈.
♣..w..y..♣♣♣♣♣≈........
.....)##t#..?.♣..†.......
≈.≈..##.@.#..>..≈≈...≈..≈
≈≈≈t##....##...≈≈≈§.≈≈..≈
≈.. #......#.≈≈≈..≈..≈≈.≈
..≈♣♣ .(
♣......#.≈≈≈≈.≈♣≈..≈≈
≈≈.≈♣ ≈
♣.......#.≈≈≈≈.≈....†.
...♣
♣......##.≈≈≈....≈....
.≈♣♣
♣♣♣♣≈.##...≈≈.§♣...≈.^
§≈.♣[ ♣♣.≈...♣.≈≈♣♣♣♣♣♣..
≈§≈.♣ ≈≈. ♣♣♣♣ ♣♣≈≈.≈


You could see an alligator and a hornet.

Vanquished Creatures
  Gastronok (D:8)
  A thorn hunter (Swamp:1)
  A hydra (Swamp:1)
  6 alligators (Swamp:1)
  A swamp dragon (Lair:2)
  A spriggan druid (Swamp:1)
  6 elephants
  A black mamba (Lair:1)
  A rime drake (Lair:2)
  4 komodo dragons
  3 tyrant leeches (Swamp:1)
  4 blink frogs (Lair:2)
  A bog body (Swamp:1)
  4 hippogriffs (Lair:1)
  11 yaks
  8 vampire mosquitoes (Swamp:1)
  A basilisk (Lair:2)
  4 swamp worms (Swamp:1)
  5 insubstantial wisps (Swamp:1)
  3 water moccasins
  2 porcupines (Lair:1)
  An orc warrior (D:8)
  A swamp drake (Swamp:1)
  A phantom (D:5)
  2 black bears (D:8)
  An ice beast (D:8)
  An ogre (D:2)
  7 crocodiles
  3 centaurs
  The ghost of DorianNounverber the Magician, an amateur DEWz (D:3)
  6 bullfrogs
  A big kobold (D:7)
  3 scorpions
  5 wights (D:8)
  6 crimson imps
  3 hounds
  2 jellies (D:8)
  5 orc priests
  A bullfrog skeleton (D:4)
  7 orc wizards
  9 worker ants
  11 hell rats (Lair:1)
  A hound skeleton (D:4)
  11 gnolls
  8 river rats (Lair:1)
  13 adders
  An adder zombie (D:8)
  An adder skeleton (D:5)
  A worm (D:3)
  A dart slug (D:2)
  A leopard gecko (D:1)
  31 orcs
  A ball python (D:1)
  5 giant cockroaches
  6 goblins
  6 hobgoblins
  2 jackals (D:6)
  7 quokkas
  9 bats
  7 frilled lizards
  A jackal skeleton (D:6)
  12 kobolds
  A leopard gecko zombie (D:5)
  27 rats
299 creatures vanquished.

Vanquished Creatures (others)
  2 fungi (Lair:2)
  A plant (D:8)
3 creatures vanquished.

Grand Total: 302 creatures vanquished

Notes
Turn   | Place    | Note
-------+----------+-------------------------------------------
     0 | D:1      | DorianNounverber the Gargoyle Earth Elementalist began the
                  | quest for the Orb.
     0 | D:1      | Reached XP level 1. HP: 10/10 MP: 3/3
   581 | D:1      | Reached XP level 2. HP: 10/15 MP: 1/5
   975 | D:1      | Reached skill level 4 in Earth Magic
  1127 | D:1      | Reached XP level 3. HP: 12/20 MP: 6/6
  2015 | D:2      | Reached skill level 1 in Maces & Flails
  2024 | D:2      | Learned a level 3 spell: Stone Arrow
  2336 | D:2      | Found a transporter.
  2341 | D:2      | Found a transporter.
  2345 | D:2      | Noticed an ogre
  2348 | D:2      | Found a radiant altar of Vehumet.
  2458 | D:2      | Reached skill level 1 in Fighting
  2458 | D:2      | Reached XP level 4. HP: 21/25 MP: 6/8
  2465 | D:2      | Learned a level 4 spell: Petrify
  2688 | D:2      | Found a snail-covered altar of Cheibriados.
  3201 | D:2      | Killed an ogre
  3201 | D:2      | Reached skill level 1 in Conjurations
  3201 | D:2      | Reached XP level 5. HP: 24/29 MP: 5/9
  3281 | D:2      | Became a worshipper of Vehumet
  3371 | D:3      | Found a faded altar of an unknown god.
  3400 | D:3      | Reached skill level 5 in Earth Magic
  3448 | D:3      | Found a runed translucent gate.
  3448 | D:3      | Found a runed translucent gate.
  3457 | D:3      | Found a runed translucent gate.
  3459 | D:3      | Noticed DorianNounverber's ghost (amateur DEWz)
  3470 | D:3      | Killed DorianNounverber's ghost
  3470 | D:3      | Reached XP level 6. HP: 32/35 MP: 2/11
  4086 | D:4      | Reached * piety under Vehumet
  4086 | D:4      | Offered knowledge of Sting by Vehumet.
  4230 | D:4      | Reached XP level 7. HP: 38/40 MP: 3/12
  4247 | D:4      | Learned a level 5 spell: Lee's Rapid Deconstruction
  4708 | D:4      | Reached skill level 6 in Earth Magic
  5054 | D:4      | Identified the +8 trident "Xihoasur" {venom, rF+ rC- Int+7
                  | Stlth+}
  5252 | D:5      | Entered Level 5 of the Dungeon
  5252 | D:5      | Found a blossoming altar of Fedhas.
  5273 | D:5      | Reached XP level 8. HP: 44/46 MP: 4/14
  5314 | D:5      | Found a staircase to the Ecumenical Temple.
  5407 | D:5      | Reached ** piety under Vehumet
  5411 | D:5      | Offered knowledge of Throw Flame by Vehumet.
  5415 | D:5      | Learned a level 2 spell: Throw Flame
  5713 | D:5      | Reached skill level 1 in Polearms
  6068 | D:6      | Found a white marble altar of Elyvilon.
  6172 | D:6      | Reached skill level 1 in Shields
  6308 | D:6      | Reached skill level 5 in Spellcasting
  6308 | D:6      | Reached skill level 7 in Earth Magic
  6490 | D:6      | Reached skill level 1 in Fire Magic
  6631 | D:7      | Found a glowing silver altar of Zin.
  6664 | D:7      | Found Ziugomot's Gadget Emporium.
  6992 | D:7      | Reached XP level 9. HP: 49/52 MP: 16/16
  7552 | D:8      | Offered knowledge of Static Discharge by Vehumet.
  7753 | D:8      | Reached skill level 8 in Earth Magic
  7777 | D:8      | Noticed Gastronok
  8588 | D:8      | Killed Gastronok
  8588 | D:8      | Reached *** piety under Vehumet
  8588 | D:8      | Reached skill level 5 in Fighting
  8588 | D:8      | Reached skill level 9 in Earth Magic
  8588 | D:8      | Reached XP level 10. HP: 36/59 MP: 18/20
  8751 | D:8      | Found a staircase to the Lair.
  8898 | Lair:1   | Entered Level 1 of the Lair of Beasts
  8936 | Lair:1   | Reached skill level 5 in Conjurations
  9105 | Lair:1   | Reached skill level 1 in Evocations
  9564 | Lair:1   | Offered knowledge of Ignite Poison by Vehumet.
  9564 | Lair:1   | Reached XP level 11. HP: 55/64 MP: 21/21
 10274 | Lair:2   | Got a crude robe
 10285 | Lair:2   | Identified the +1 robe of Cerchuo {rPois Dex+3} (You found
                  | it on level 2 of the Lair of Beasts)
 10294 | Lair:2   | Found a staircase to the Swamp.
 10320 | Lair:1   | Reached skill level 10 in Earth Magic
 10961 | Lair:1   | Reached **** piety under Vehumet
 10992 | Lair:1   | Offered knowledge of Airstrike by Vehumet.
 11000 | Lair:1   | Learned a level 6 spell: Iron Shot
 11641 | Lair:2   | Reached skill level 5 in Dodging
 11641 | Lair:2   | Reached skill level 5 in Shields
 12342 | Lair:2   | Learned a level 5 spell: Bolt of Magma
 12454 | Lair:2   | Noticed a swamp dragon
 12457 | Lair:2   | Killed a swamp dragon
 12457 | Lair:2   | Reached XP level 12. HP: 71/71 MP: 13/24
 12688 | Swamp:1  | Entered Level 1 of the Swamp
 12714 | Swamp:1  | Reached skill level 5 in Fire Magic
 12786 | Swamp:1  | Noticed an alligator
 12794 | Swamp:1  | Killed an alligator
 12794 | Swamp:1  | Reached skill level 11 in Earth Magic
 13177 | Swamp:1  | Noticed a five-headed hydra
 13183 | Swamp:1  | Killed a five-headed hydra
 13196 | Swamp:1  | Noticed an alligator
 13208 | Swamp:1  | Killed an alligator
 13452 | Swamp:1  | Noticed an alligator
 13457 | Swamp:1  | Killed an alligator
 13457 | Swamp:1  | Reached skill level 5 in Polearms
 13468 | Swamp:1  | Noticed an alligator
 13475 | Swamp:1  | Killed an alligator
 13546 | Swamp:1  | Noticed a thorn hunter
 13658 | Swamp:1  | Killed a thorn hunter
 13658 | Swamp:1  | Reached ***** piety under Vehumet
 13979 | Swamp:1  | Noticed an alligator
 13984 | Swamp:1  | Killed an alligator
 13989 | Swamp:1  | Noticed an alligator
 13996 | Swamp:1  | Killed an alligator
 14057 | Swamp:1  | Offered knowledge of Lightning Bolt by Vehumet.
 14312 | Swamp:1  | Noticed an alligator
 14332 | Swamp:1  | Reached XP level 13. HP: 34/76 MP: 1/26
 14336 | Swamp:1  | Slain by an alligator

Skill      XL: |  1  2  3  4  5  6  7  8  9 10 11 12 |
---------------+-------------------------------------+-----
Earth Magic    | 4 5 6 7 9 10 11 | 11.8
Maces & Flails | 1 2 |  2.6
Fighting       | 1 2 3 4 5 6 7 |  7.5
Dodging        | 2 3 4 5 |  5.9
Spellcasting   | 3 4 5 6 7 8 9 |  9.2
Conjurations   | 1 2 3 4 5 6 7 |  7.2
Polearms       | 1 3 4 5 |  5.4
Shields        | 1 3 4 5 6 |  6.4
Fire Magic     | 1 3 4 5 |  5.8
Evocations     | 1 2 3 |  3.9
Stealth        | |  2.1
Transmutations | |  0.7

Action                   |  1- 3 |  4- 6 |  7- 9 | 10-12 | 13-15 || total
-------------------------+-------+-------+-------+-------+-------++-------
Melee: Club              |    46 |       |       |       |       ||    46
       Whip              |    88 |       |       |       |       ||    88
       Mace              |     9 |   126 |    39 |       |       ||   174
       Trident           |       |       |    67 |   176 |       ||   243
 Cast: Sandblast         |    17 |    17 |    25 |   124 |     1 ||   184
       Stone Arrow       |       |     6 |    74 |    59 |       ||   139
       Throw Flame       |       |       |    81 |    80 |       ||   161
       Lee's Rapid Decon |       |       |     1 |     1 |       ||     2
       Iron Shot         |       |       |       |    11 |       ||    11
       Bolt of Magma     |       |       |       |    24 |       ||    24
  Use: Scroll            |     3 |     3 |     3 |     3 |     1 ||    13
       Potion            |       |       |     1 |     2 |     1 ||     4
 Stab: Sleeping          |     5 |     8 |       |       |       ||    13
  Eat: Chunk             |     5 |     7 |     8 |     4 |       ||    24
       Ration            |       |       |     3 |     5 |     1 ||     9
Armor: Robe              |    53 |    79 |    38 |   102 |     2 ||   274
Dodge: Dodged            |    99 |   119 |   100 |   144 |     1 ||   463
Block: Shield            |       |       |       |    22 |     1 ||    23
